 Dungeon Crawl Stone Soup version 0.28.0-53-g5a82cb258f (webtiles) character file.

Game seed: 13144996154488929380

862 DemonSlayer the Firebug (level 7, 0/47 HPs)
             Began as a Demonspawn Fire Elementalist on July 27, 2022.
             Was an Initiate of Cheibriados.
             Slain by an ogre
             ... wielding a +0 giant club
              (10 damage)
             ... on level 5 of the Dungeon.
             The game lasted 00:11:30 (4530 turns).

DemonSlayer the Firebug (DsFE)                      Turns: 4530, Time: 00:11:31

Health: 0/47       AC: 11    Str: 10    XL:     7   Next: 72%
Magic:  0/14       EV: 12    Int: 19    God:    Cheibriados [......]
Gold:   182        SH:  0    Dex: 14    Spells: 2/15 levels left

rFire   . . .      SeeInvis .   d - +5 spear
rCold   . . .      Faith    .   (no shield)
rNeg    . . .      Spirit   +   e - +0 steam dragon scales
rPois   .          Reflect  .   (no helmet)
rElec   .          Harm     .   (no cloak)
rCorr   .          Rampage  .   (no gloves)
Will    .....                   (no boots)
Stlth   ++........              j - amulet of guardian spirit
HPRegen 0.15/turn               (no ring)
MPRegen 0.14/turn               (no ring)

@: sanguine armoured, invisible, slow
A: foul stench 2, powered by pain 2, sanguine armour 1
a: Renounce Religion


You were on level 5 of the Dungeon.
You worshipped Cheibriados.
Cheibriados was noncommittal.
You visited 2 branches of the dungeon, and saw 6 of its levels.

You collected 182 gold pieces.

Inventory:

Hand Weapons
 d - a +5 spear (weapon)
Missiles
 i - 30 sling bullets
Armour
 e - +0 steam dragon scales (worn)
Jewellery
 j - an amulet of guardian spirit (around neck)
Scrolls
 f - a scroll of torment {unknown}
Potions
 g - 2 potions of brilliance {unknown}
 h - 2 potions of curing


   Skills:
 + Level 0.9 Fighting
 + Level 1.3 Polearms
 + Level 2.3 Dodging
 + Level 2.7 Stealth
 + Level 4.9 Spellcasting
 + Level 3.9 Conjurations
 + Level 5.1 Fire Magic


You had 2 spell levels left.
You knew the following spells:

 Your Spells              Type           Power      Damage    Failure   Level
a - Foxfire               Conj/Fire      88%        2x1d8     1%          1
b - Scorch                Fire           48%        2d7       2%          2
c - Conjure Flame         Conj/Fire      22%        6-21      6%          3
d - Call Canine Familiar  Summ           4%         N/A       36%         3
e - Sticky Flame          Conj/Fire      22%        2d4       19%         4

Your spell library contained the following spells:

 Spells                   Type           Power      Damage    Failure   Level
 Static Discharge         Conj/Air       12%        N/A       9%          2
 Inner Flame              Hex/Fire       14%        N/A       13%         3
 Flame Wave               Conj/Fire      22%        2d7       19%         4
 Portal Projectile        Hex/Tloc       8%         N/A       36%         3
 Dispel Undead            Necr           4%         3d7       77%         4
 Leda's Liquefaction      Hex/Erth       2%         N/A       77%         4


Dungeon Overview and Level Annotations

Branches:
Dungeon (5/15)             Temple (1/1) D:4

Altars:
Ashenzari
Cheibriados
Dithmenos
Fedhas
Gozag
Hepliaklqana
Kikubaaqudgha
Nemelex Xobeh
Okawaru
Qazlal
Ru
Trog
Uskayaw
Vehumet
Wu Jian
Yredelemnul
Zin

Annotations:
D:3 Ijyb, Sigmund
D:5 2 transporters


Innate Abilities, Weirdness & Mutations

You sometimes emit foul miasma when damaged in melee.
You sometimes gain power by taking damage.
When seriously injured, your blood forms armour. (AC +6)


Message History

The phantom is almost destroyed.
The phantom hits you.
Flames lash the ogre.
The ogre is lightly wounded.
The ogre's fire resistance burns away.
The phantom hits you!
Your blood congeals into armour.
Unknown command.
Flames lash the adder.
The adder is heavily wounded.
The adder's fire resistance burns away.
The phantom closely misses you. The ogre closely misses you.
Unknown command.
You don't have enough magic to cast this spell.
Unknown command.
You don't have enough magic to cast this spell.
Unknown command.
You don't have enough magic to cast this spell.
You fade into invisibility!
The phantom closely misses you. The adder barely misses you.
The ogre barely misses you.
You hit the ogre.
The ogre is moderately wounded.
The ogre is no longer more vulnerable to fire.
The phantom is no longer more vulnerable to fire.
The adder barely misses you.
The phantom hits you but does no damage.
As you read the scroll labelled SUHOOREUDA, it crumbles to dust.
It is a scroll of enchant weapon.
Your +4 spear glows red for a moment.
The adder bites you but does no damage.
The ogre hits you with a +0 giant club!!
* * * LOW HITPOINT WARNING * * *
You emit a cloud of foul miasma!
The phantom hits you but does no damage.
The adder barely misses you.
The adder is no longer more vulnerable to fire.
The ogre is engulfed in dark miasma.
The ogre is poisoned.
As you read the scroll labelled RIXTA HOUDD, it crumbles to dust.
The scroll dissolves into smoke.
It was a scroll of fog.
The ogre hits you with a +0 giant club!
You die...

.......,**.........##.##
.......,*,.#.###..#####
.......,*..###*##..####****
.......,,..#..###.....#.,,*
.#******,,.....#..#......,*
.#### *,.*##.....>##.....,*
....##**..#....§§....###.**
.....#*,.......§§§§...#*,***
.....#*.......SO@§....#*,,,*
.....##.##....☼W§§.##...,,,*
###.....##....°...§....,,,,*
###....###.........##...,,**
.#.....# #.....##.......,,*
....#### #.....#.......#,**
......#####........#.##*,*
..#....##.####..##.#...,**
..##...................,*


You could see a phantom, an ogre (poisoned) and an adder.

Vanquished Creatures
  Duvessa (D:5)
  A necrophage (D:5)
  A sky beast (D:5)
  An ogre (D:4)
  A water moccasin zombie (D:5)
  Dowan (D:5)
  2 centaur skeletons (D:5)
  Jessica (D:2)
  An iguana (D:5)
  A scorpion zombie (D:5)
  An orc wizard (D:3)
  Terence (D:2)
  4 adders
  An ufetubus (D:4)
  An adder skeleton (D:5)
  2 worms
  A dart slug (D:5)
  7 orcs (D:3)
  3 endoplasms
  3 giant cockroaches
  4 hobgoblins
  2 jackals (D:1)
  7 kobolds
  3 quokkas
  3 ball pythons
  7 bats
  2 goblins
  3 rats
66 creatures vanquished.

Vanquished Creatures (collateral kills)
  A steam dragon (D:5)
  A foxfire (D:2)
2 creatures vanquished.

Vanquished Creatures (others)
  296 foxfires
296 creatures vanquished.

Grand Total: 364 creatures vanquished

Notes
Turn   | Place    | Note
-------+----------+-------------------------------------------
     0 | D:1      | DemonSlayer the Demonspawn Fire Elementalist began the
                  | quest for the Orb.
     0 | D:1      | Reached XP level 1. HP: 13/13 MP: 3/3
   380 | D:1      | Gained mutation: You sometimes gain a little power by
                  | taking damage. [demonic ancestry]
   380 | D:1      | Reached XP level 2. HP: 19/19 MP: 5/5
   635 | D:1      | Learned a level 2 spell: Scorch
  1042 | D:1      | Reached skill level 3 in Fire Magic
  1353 | D:2      | Noticed Terence
  1359 | D:2      | Killed Terence
  1360 | D:2      | Reached XP level 3. HP: 24/24 MP: 0/6
  1551 | D:2      | Noticed Jessica
  1555 | D:2      | Killed Jessica
  1556 | D:2      | Gained mutation: When seriously injured, your blood forms
                  | armour. (AC +6) [demonic ancestry]
  1556 | D:2      | Reached XP level 4. HP: 30/30 MP: 3/8
  1709 | D:2      | Learned a level 3 spell: Conjure Flame
  2366 | D:3      | Reached skill level 1 in Polearms
  2481 | D:3      | Gained mutation: You may rarely emit foul miasma when
                  | damaged in melee. [demonic ancestry]
  2481 | D:3      | Reached XP level 5. HP: 32/36 MP: 2/9
  2491 | D:3      | Learned a level 3 spell: Call Canine Familiar
  2577 | D:3      | Noticed Sigmund
  2592 | D:3      | Noticed Ijyb
  2868 | D:4      | Noticed an ogre
  2873 | D:4      | Killed an ogre
  3341 | D:4      | Found a staircase to the Ecumenical Temple.
  3352 | D:4      | Noticed an ogre
  3361 | Temple   | Entered the Ecumenical Temple
  3663 | D:5      | Entered Level 5 of the Dungeon
  3663 | D:5      | Found a transporter.
  3695 | D:5      | Reached skill level 4 in Fire Magic
  3695 | D:5      | Gained mutation: You sometimes gain power by taking damage.
                  | [demonic ancestry]
  3695 | D:5      | Reached XP level 6. HP: 42/42 MP: 0/11
  3702 | D:5      | Found a transporter.
  3788 | D:5      | Noticed a steam dragon
  3789 | D:5      | Noticed Duvessa
  3791 | D:5      | Noticed Dowan
  3798 | D:5      | Killed a steam dragon
  3813 | D:5      | Killed Dowan
  3823 | D:5      | Killed Duvessa
  3824 | D:5      | Gained mutation: You sometimes emit foul miasma when
                  | damaged in melee. [demonic ancestry]
  3824 | D:5      | Reached XP level 7. HP: 47/47 MP: 8/13
  3832 | D:5      | Learned a level 4 spell: Sticky Flame
  4220 | D:5      | Found a broken altar of Ashenzari.
  4220 | D:5      | Found a stormy altar of Qazlal.
  4221 | D:5      | Found a snail-covered altar of Cheibriados.
  4230 | D:5      | Found an iron altar of Okawaru.
  4234 | D:5      | Became a worshipper of Cheibriados the Contemplative
  4408 | D:5      | Reached skill level 5 in Fire Magic
  4530 | D:5      | Slain by an ogre

Illustrated notes

Levels and vault maps discovered:
D:1:      lightli_molten_gateway, layout_loops_corners
D:2:      layout_rooms, minmay_hedge_maze, uniq_jessica, uniq_terence
D:3:      layout_basic, uniq_ijyb, uniq_natasha, uniq_sigmund
D:4:      minmay_bubble_buster, layout_cave_pools,
          lemuel_coloured_pillars_altar, minmay_temple_entry_drinking_statues
D:5:      gammafunk_wand_slinger, layout_cave_pools,
          nicolae_overflow_quartered_altars, uniq_duvessa
Temple:   cyrus_circular_temple

Skill      XL: |  1  2  3  4  5  6  7 |
---------------+----------------------+-----
Stealth        | 2 |  2.7
Fire Magic     | 3 4 5 |  5.1
Dodging        | 2 |  2.3
Spellcasting   | 3 4 |  4.9
Polearms       | 1 |  1.3
Conjurations   | 2 3 |  3.9
Fighting       | |  0.9

Action                   |  1- 3 |  4- 6 |  7- 9 || total
-------------------------+-------+-------+-------++-------
Melee: Spear             |    16 |    39 |     4 ||    59
 Cast: Foxfire           |    47 |    97 |    34 ||   178
       Scorch            |       |    12 |    10 ||    22
       Conjure Flame     |       |     1 |       ||     1
  Use: Scroll            |       |     4 |     2 ||     6
       Potion            |       |     4 |     1 ||     5
 Stab: Distracted        |     1 |       |       ||     1
       Sleeping          |     1 |       |       ||     1
Armor: Robe              |     4 |     3 |       ||     7
       Steam dragon scal |       |       |     6 ||     6
Dodge: Dodged            |    17 |    28 |    13 ||    58
